[Event "Titled Tuesday Blitz May 4 2021"]
[White "Chirila, Ioan-Cristian"]
[Black "Myers, Dominique"]
[WhiteFideId "1211668"]
[BlackFideId "2041715"]
[WhiteElo "2445"]
[BlackElo "1986"]
[Result "1-0"]
[Round "01"]
[TimeControl "180+1"]
[Date "2021.05.04"]
[WhiteClock "0:01:18"]
[BlackClock "0:00:11"]

1. d4 Nf6 2. c4 g6 3. Nc3 d5 4. cxd5 Nxd5 5. e4 Nxc3 6. bxc3 Bg7 7. Nf3 c5 8. Be3 Qa5 9. Qd2 Nc6 10. Rb1 a6 11. Rc1 cxd4 12. cxd4 Qxd2+ 13. Kxd2 e6 14. Bc4 O-O 15. Rhd1 Rd8 16. Ke2 Bd7 17. d5 exd5 18. Bxd5 Rac8 19. Bb6 Rf8 20. h3 Bb2 21. Rb1 Bg7 22. Ng5 Ne5 23. f4 Rc2+ 24. Rd2 Bb5+ 25. Rxb5 Rxd2+ 26. Kxd2 axb5 27. fxe5 Bxe5 28. Kd3 Kg7 29. Nf3 Bd6 30. Nd4 b4 31. Nb5 Bc5 32. Bxc5 Ra8 33. Bxb4 Ra4 34. a3 Ra6 35. Nd4 Kf6 36. Bxb7 Rb6 37. Bd5 Ke5 38. Nc6+ Kf6 39. e5+ Kf5 40. a4 1-0


[Site "https://www.chess.com"]

[Event "Titled Tuesday Blitz May 4 2021"]
[White "Chitlange Sakshi"]
[Black "Ozen, Bahadir"]
[WhiteFideId "35002899"]
[BlackFideId "6337058"]
[WhiteElo "1787"]
[BlackElo "2503"]
[Result "0-1"]
[Round "01"]
[TimeControl "180+1"]
[Date "2021.05.04"]
[WhiteClock "0:00:08"]
[BlackClock "0:00:15"]

1. d4 d6 2. e4 g6 3. Nc3 Bg7 4. Be3 a6 5. a4 b6 6. Bc4 e6 7. Nf3 Ne7 8. O-O Nd7 9. Qd2 h6 10. Rad1 Bb7 11. Rfe1 g5 12. h3 Ng6 13. Ne2 Bxe4 14. Nh2 Nf6 15. Ng3 Bb7 16. Ng4 Qd7 17. Nxf6+ Bxf6 18. Nh5 Qe7 19. Qc3 Nh4 20. Bf1 Rg8 21. Nxf6+ Qxf6 22. Qxc7 Qe7 23. Qxe7+ Kxe7 24. f3 Rac8 25. c3 Bd5 26. Bf2 a5 27. Bb5 Ng6 28. Bg3 Nf4 29. Re3 h5 30. h4 Nxg2 31. Bxd6+ Kxd6 32. Kxg2 gxh4+ 33. Kh3 Rg3+ 34. Kxh4 Rcg8 35. Rf1 f5 36. c4 f4 37. Rc3 Bb7 38. c5+ bxc5 39. dxc5+ Kc7 40. c6 Bc8 41. Rd1 e5 42. Rg1 0-1


[Site "https://www.chess.com"]

[Event "Titled Tuesday Blitz May 4 2021"]
[White "Christensen, Thomas"]
[Black "Mhango, Banele"]
[WhiteFideId "1403532"]
[BlackFideId "14327040"]
[WhiteElo "2269"]
[BlackElo "2554"]
[Result "1-0"]
[Round "01"]
[TimeControl "180+1"]
[Date "2021.05.04"]
[WhiteClock "0:00:16"]
[BlackClock "0:00:19"]

1. d4 Nf6 2. Nc3 d5 3. e4 dxe4 4. f3 exf3 5. Nxf3 g6 6. Bd3 Bg7 7. O-O O-O 8. Qe1 Bg4 9. Qh4 Nc6 10. Ne2 Nb4 11. Bh6 Nxd3 12. cxd3 Qd5 13. Nf4 Qb5 14. Ng5 Bf5 15. h3 Rad8 16. g4 Bc8 17. Bxg7 Kxg7 18. Nfe6+ fxe6 19. Rxf6 Qxg5 20. Qxg5 exf6 21. Qc5 c6 22. Qxa7 Rd6 23. Rc1 Rfd8 24. Rc4 Kh6 25. h4 g5 26. hxg5+ Kxg5 27. Qc5+ Rd5 28. Qe7 Kg6 29. a4 Rg8 30. Kf2 Rg5 31. Kf3 e5 32. dxe5 Bxg4+ 33. Rxg4 Rxg4 34. Kxg4 1-0


[Site "https://www.chess.com"]

[Event "Titled Tuesday Blitz May 4 2021"]
[White "Coelho, Ramyres Santana"]
[Black "Trost, Edvin"]
[WhiteFideId "2120690"]
[BlackFideId "1729519"]
[WhiteElo "1888"]
[BlackElo "2028"]
[Result "0-1"]
[Round "01"]
[TimeControl "180+1"]
[Date "2021.05.04"]
[WhiteClock "0:00:37"]
[BlackClock "0:01:39"]

1. e4 c6 2. d4 d5 3. Nc3 dxe4 4. Nxe4 Nf6 5. Nxf6+ exf6 6. Nf3 Bd6 7. Bd3 O-O 8. Be3 Re8 9. Qd2 Nd7 10. O-O-O Nf8 11. Bf4 Be6 12. Bxd6 Qxd6 13. c4 b5 14. Qc2 a5 15. Kb1 a4 16. Rhe1 Rab8 17. Ka1 bxc4 18. Bxc4 Rb4 19. Bxe6 Nxe6 20. Re4 Reb8 21. Rb1 Nxd4 22. Nxd4 Rxd4 23. Rxd4 Qxd4 24. Qxc6 a3 25. Qc2 g6 26. f3 Kg7 27. Qe2 axb2+ 28. Rxb2 Qg1+ 0-1


[Site "https://www.chess.com"]

[Event "Titled Tuesday Blitz May 4 2021"]
[White "Csonka, Balazs"]
[Black "Chernomordik, Pavel"]
[WhiteFideId "742910"]
[BlackFideId "2804530"]
[WhiteElo "2404"]
[BlackElo "2299"]
[Result "1-0"]
[Round "01"]
[TimeControl "180+1"]
[Date "2021.05.04"]
[WhiteClock "0:00:04"]
[BlackClock "0:00:01"]

1. d4 g6 2. e4 Bg7 3. c4 Nc6 4. Be3 e5 5. Ne2 exd4 6. Nxd4 Qf6 7. Nxc6 dxc6 8. Nc3 Qe7 9. Bd3 Nf6 10. h3 O-O 11. O-O Rd8 12. Qe2 Nd7 13. f4 Nc5 14. Bc2 f5 15. e5 Ne6 16. Rad1 Bd7 17. g4 Rf8 18. g5 Be8 19. h4 Qb4 20. Bb3 Bf7 21. Qf2 b6 22. Rd7 Be8 23. Rd2 Qe7 24. c5 Kh8 25. Rfd1 bxc5 26. Bxe6 Qxe6 27. Bxc5 Rg8 28. b3 Bf8 29. Na4 Be7 30. Bxe7 Qxe7 31. Qc5 Qe6 32. Qd4 c5 33. Nxc5 Qc6 34. e6+ Rg7 35. Qe3 Re7 36. Rd8 Rxd8 37. Rxd8 Kg8 38. Kh2 Qb5 39. Qd4 Qf1 40. Kg3 Qe1+ 41. Qf2 Qc3+ 42. Kh2 Qc1 43. Rd2 Qc3 44. Qd4 Qf3 45. Nd7 Bxd7 46. exd7 Rxd7 47. Qxd7 Qxf4+ 48. Kg2 Qe4+ 49. Kf2 Qf4+ 50. Ke2 Qg4+ 51. Kd3 Qe4+ 52. Kc3 Qe5+ 53. Qd4 Qa5+ 54. Kb2 1-0


[Site "https://www.chess.com"]

[Event "Titled Tuesday Blitz May 4 2021"]
[White "Darini, Pouria"]
[Black "tylityli"]
[WhiteFideId "12502200"]
[WhiteElo "2489"]
[BlackElo "2313"]
[Result "1-0"]
[Round "01"]
[TimeControl "180+1"]
[Date "2021.05.04"]
[WhiteClock "0:00:48"]
[BlackClock "0:00:01"]

1. e4 e5 2. Nf3 Nc6 3. d4 exd4 4. Nxd4 Nf6 5. Nxc6 bxc6 6. e5 Qe7 7. Qe2 Nd5 8. h4 d6 9. c4 Ba6 10. exd6 cxd6 11. Qxe7+ Nxe7 12. Nc3 O-O-O 13. Be3 Kb7 14. O-O-O d5 15. Bc5 Ng6 16. Bxf8 Rhxf8 17. cxd5 Bxf1 18. dxc6+ Kxc6 19. Rdxf1 Nf4 20. g3 Nd3+ 21. Kc2 Rfe8 22. a3 Ne5 23. Rd1 Ng4 24. Rxd8 Rxd8 25. Rf1 f5 26. b4 g6 27. Rd1 Re8 28. Rd2 Re1 29. f3 Ne3+ 30. Kd3 Nf1 31. Re2 Ra1 32. b5+ Kc5 33. Re5+ Kd6 34. Rd5+ Ke6 35. g4 Rxa3 36. gxf5+ gxf5 37. Rc5 Ng3 38. Kd4 Rb3 39. Rc6+ Kd7 40. Kc4 Rb2 41. Rh6 1-0


[Site "https://www.chess.com"]

[Event "Titled Tuesday Blitz May 4 2021"]
[White "Daulyte-Cornette, Deimante"]
[Black "Wieczorek, Oskar"]
[WhiteFideId "12802859"]
[BlackFideId "1133950"]
[WhiteElo "2285"]
[BlackElo "2258"]
[Result "1-0"]
[Round "01"]
[TimeControl "180+1"]
[Date "2021.05.04"]
[WhiteClock "0:00:04"]
[BlackClock "0:00:10"]

1. e4 e5 2. Bc4 Nc6 3. Nc3 Nf6 4. d3 Na5 5. Bb3 Nxb3 6. axb3 Be7 7. f4 d6 8. Nf3 exf4 9. Bxf4 O-O 10. O-O c6 11. Qe1 a6 12. Kh1 b5 13. Be3 d5 14. e5 Ne8 15. Nd4 Qd7 16. Nf5 g6 17. Nxe7+ Qxe7 18. d4 Ng7 19. Bh6 Re8 20. Qd2 b4 21. Na4 Bf5 22. Nc5 Ne6 23. Nxa6 Be4 24. Nxb4 Rxa1 25. Rxa1 Qh4 26. Nxc6 Rc8 27. Nb4 Nxd4 28. c3 Nxb3 29. Qe1 Qxh6 30. Ra7 Qg5 31. Qf2 Nc5 32. Qxf7+ 1-0


[Site "https://www.chess.com"]

[Event "Titled Tuesday Blitz May 4 2021"]
[White "Davtyan, David Arm."]
[Black "Martirosyan, Haik M."]
[WhiteFideId "13310046"]
[BlackFideId "13306553"]
[WhiteElo "2028"]
[BlackElo "2597"]
[Result "0-1"]
[Round "01"]
[TimeControl "180+1"]
[Date "2021.05.04"]
[WhiteClock "0:00:01"]
[BlackClock "0:01:16"]

1. e4 g6 2. Nc3 Bg7 3. f4 c5 4. Nf3 a6 5. a4 Nc6 6. Bc4 d6 7. d3 Nf6 8. O-O Bg4 9. Be3 Nd4 10. Bxd4 cxd4 11. Ne2 Nd7 12. h3 Bxf3 13. Rxf3 O-O 14. Qe1 e6 15. Qg3 Rc8 16. Bb3 Nc5 17. f5 Nxb3 18. cxb3 Be5 19. Nf4 Kh8 20. fxe6 g5 21. e7 Qxe7 22. Nd5 Qe6 23. Qg4 Qxg4 24. hxg4 Kg7 25. Raf1 f6 26. Nb6 Rc7 27. a5 Kg6 28. Nc4 Rc5 29. Rf5 Rb5 30. Rc1 Rf7 31. Nb6 Rxb3 32. Rc8 Rxb2 33. Nd5 Kg7 34. Rb8 Rb5 35. Rf1 Rxa5 36. Rc1 Rc5 37. Rb1 b5 38. Ra1 Ra7 39. Kf2 a5 40. Kf3 a4 41. Re8 a3 0-1


[Site "https://www.chess.com"]

[Event "Titled Tuesday Blitz May 4 2021"]
[White "De Silva, L M S T"]
[Black "Prilleltensky, Matan"]
[WhiteFideId "9953698"]
[BlackFideId "2024810"]
[WhiteElo "1621"]
[BlackElo "2190"]
[Result "1-0"]
[Round "01"]
[TimeControl "180+1"]
[Date "2021.05.04"]
[WhiteClock "0:00:09"]
[BlackClock "0:00:02"]

1. e4 c5 2. Nf3 e6 3. d4 cxd4 4. Nxd4 a6 5. Be2 b5 6. O-O Bb7 7. e5 Qc7 8. Bf3 Nc6 9. Bf4 Nxd4 10. Qxd4 Bxf3 11. gxf3 Bc5 12. Qd2 Ne7 13. Bg3 h5 14. h4 Nf5 15. Kg2 O-O 16. Re1 Rac8 17. a3 Rfd8 18. Nc3 Bd4 19. Ne4 Bxb2 20. Qg5 g6 21. Nf6+ Kf8 22. Rad1 Bc3 23. Re4 Qb7 24. Rd6 Rc6 25. Nh7+ Ke8 26. Rd3 Rc4 27. Rxc4 bxc4 28. Nf6+ Kf8 29. Rxc3 Nd4 30. Nh7+ Ke8 31. Bf4 Ne2 32. Qf6 Nxf4+ 33. Qxf4 d5 34. Nf6+ Ke7 35. Qg5 Kf8 36. Re3 d4 37. Re4 d3 38. cxd3 cxd3 39. Nh7+ Ke8 40. Qf6 d2 41. Rf4 d1=Q 42. Qh8+ Ke7 43. Qg7 Rf8 44. Ng5 Qbb1 45. Rxf7+ Rxf7 46. Qxf7+ Kd8 47. Nxe6+ Kc8 48. Qc7# 1-0


[Site "https://www.chess.com"]

[Event "Titled Tuesday Blitz May 4 2021"]
[White "Deepan Chakkravarthy J."]
[Black "Shlyakhetsky, Vladimir"]
[WhiteFideId "5011132"]
[BlackFideId "2805928"]
[WhiteElo "2490"]
[BlackElo "2168"]
[Result "1-0"]
[Round "01"]
[TimeControl "180+1"]
[Date "2021.05.04"]
[WhiteClock "0:00:49"]
[BlackClock "0:00:01"]

1. Nf3 e6 2. e3 d5 3. d4 c6 4. Ne5 Nd7 5. f4 Ngf6 6. Bd3 Be7 7. O-O O-O 8. Nd2 Ne8 9. Qh5 f5 10. Ndf3 Nef6 11. Qh3 Nxe5 12. Nxe5 Nd7 13. Nf3 Nf6 14. Bd2 Bd7 15. Be1 c5 16. c3 c4 17. Bc2 b5 18. a3 a5 19. Ne5 Bd6 20. Bh4 Qc7 21. Kh1 Bxe5 22. fxe5 Ne4 23. Bxe4 dxe4 24. Be7 Rf7 25. Bd6 Qb7 26. g4 Qd5 27. Qg3 Bc6 28. Rf4 Kh8 29. h4 Rg8 30. h5 g5 31. hxg6 Rxg6 32. Qh4 Rfg7 33. Rg1 b4 34. axb4 axb4 35. Bxb4 Qb5 36. Be7 Kg8 37. Bf6 Ra7 38. Rff1 Qxb2 39. gxf5 exf5 40. Qh5 Be8 41. Qxf5 1-0


[Site "https://www.chess.com"]

[Event "Titled Tuesday Blitz May 4 2021"]
[White "Demidov, Mikhail"]
[Black "Mostbauer, Maximilian"]
[WhiteFideId "4197143"]
[BlackFideId "1626680"]
[WhiteElo "2583"]
[BlackElo "2188"]
[Result "1-0"]
[Round "01"]
[TimeControl "180+1"]
[Date "2021.05.04"]
[WhiteClock "0:01:59"]
[BlackClock "0:02:28"]

1. d4 e6 2. e4 d5 3. Nd2 dxe4 4. Nxe4 Nd7 5. Nf3 Ngf6 6. Bd3 Nxe4 7. Bxe4 Nf6 8. Bd3 c5 9. dxc5 Bxc5 10. O-O O-O 11. Qe2 b6 12. b3 Bb7 13. Bb2 Qe7 14. Rad1 h6 15. Bxf6 Qxf6 16. Be4 Bxe4 17. Qxe4 Rad8 18. g3 a5 19. Kg2 Rxd1 20. Rxd1 Rd8 21. Rxd8+ Qxd8 22. Qe2 Qf6 23. Ne5 Bxf2 24. Ng4 1-0


[Site "https://www.chess.com"]

[Event "Titled Tuesday Blitz May 4 2021"]
[White "Demin, Vladimir"]
[Black "Quparadze, Giga"]
[WhiteFideId "4167457"]
[BlackFideId "13602250"]
[WhiteElo "2452"]
[BlackElo "2658"]
[Result "0-1"]
[Round "01"]
[TimeControl "180+1"]
[Date "2021.05.04"]
[WhiteClock "0:00:17"]
[BlackClock "0:00:52"]

1. e4 c5 2. Nf3 Nc6 3. c3 d5 4. exd5 Qxd5 5. d4 e6 6. Be2 Nf6 7. O-O cxd4 8. cxd4 Be7 9. Nc3 Qd6 10. a3 O-O 11. Be3 b6 12. h3 Bb7 13. b4 Rac8 14. Qb3 Rfd8 15. Rfd1 h6 16. Rac1 Bf8 17. Bc4 a5 18. d5 exd5 19. Nxd5 axb4 20. Nxb6 Qe7 21. Nxc8 Rxc8 22. axb4 Nxb4 23. Nd4 Nfd5 24. Re1 Qf6 25. Nc2 Qg6 26. Bf1 Rxc2 27. Rxc2 Qxc2 28. Qxc2 Nxc2 29. Rb1 Bc6 30. Bd2 Ndb4 31. Rb2 Be4 32. f3 Bc5+ 33. Kh2 Bd6+ 34. Kg1 Bg6 35. Bc4 h5 36. Bc3 Bc5+ 37. Kh2 h4 38. Be5 Be7 39. Bc3 Bd6+ 40. Kg1 Kh7 41. Kh1 f6 42. Kg1 Bc5+ 43. Kh2 Bf5 44. Bb3 Bd6+ 45. Kg1 Kg6 46. Kh1 Kg5 47. Ba4 g6 48. Bd2+ Kh5 49. Kg1 g5 50. Kh1 Kg6 51. Be8+ Kg7 52. Ba4 Kf7 53. Bb3+ Ke7 54. Kg1 Bc5+ 55. Kh2 Nd4 56. Bc4 Bd6+ 57. Kh1 Ndc6 58. Be3 Ne5 59. Bf1 Ned3 60. Rd2 Be5 61. Bb6 Ke6 62. Rd1 Bc7 63. Bg1 Bg3 64. Ra1 Nf2+ 65. Bxf2 Bxf2 66. Ra4 Nd5 67. Ra6+ Ke5 68. Bc4 Ne3 69. Be2 Be6 70. Ra5+ Bd5 71. Ra6 f5 72. Ra5 Kf4 73. Ra4+ Kg3 74. Ra5 Be6 75. Ra2 Nxg2 76. Bf1 Nf4 77. Bb5 Bxa2 0-1


[Site "https://www.chess.com"]

[Event "Titled Tuesday Blitz May 4 2021"]
[White "Diaz Perez, Michel Alejandro"]
[Black "Eynullayev, Altay"]
[WhiteFideId "3517179"]
[BlackFideId "13413562"]
[WhiteElo "2337"]
[BlackElo "2079"]
[Result "1-0"]
[Round "01"]
[TimeControl "180+1"]
[Date "2021.05.04"]
[WhiteClock "0:01:27"]
[BlackClock "0:00:03"]

1. d4 Nf6 2. Nf3 g6 3. Nc3 d5 4. Bg5 Bg7 5. e3 c6 6. Bd3 Nbd7 7. Qe2 Qb6 8. O-O-O O-O 9. e4 dxe4 10. Nxe4 Re8 11. h4 Nxe4 12. Qxe4 h5 13. Bc4 e6 14. g4 hxg4 15. Qxg4 Qb4 16. Bb3 c5 17. c3 Qb5 18. h5 c4 19. Bc2 gxh5 20. Qxh5 1-0


[Site "https://www.chess.com"]

[Event "Titled Tuesday Blitz May 4 2021"]
[White "Dimic, Pavle"]
[Black "Marcinczyk, Monika"]
[WhiteFideId "937428"]
[BlackFideId "1192051"]
[WhiteElo "2216"]
[BlackElo "1640"]
[Result "1-0"]
[Round "01"]
[TimeControl "180+1"]
[Date "2021.05.04"]
[WhiteClock "0:01:47"]
[BlackClock "0:00:01"]

1. d4 d5 2. c4 e6 3. Nc3 Nf6 4. Nf3 Be7 5. Bg5 O-O 6. e3 Nbd7 7. Rc1 Re8 8. Qc2 c5 9. cxd5 exd5 10. Bd3 h6 11. Bh4 cxd4 12. Nxd4 Ne5 13. O-O Nxd3 14. Qxd3 Be6 15. Rfd1 Qb6 16. Nb3 Red8 17. Na4 Qb4 18. Qd4 b5 19. Nac5 Qxd4 20. Nxd4 a6 21. Ncxe6 fxe6 22. Nxe6 Rd6 23. Nd4 Rad8 24. Rc7 Bf8 25. h3 Re8 26. Nf5 Rde6 27. Nd4 Re4 28. Bxf6 gxf6 29. Rdc1 R8e7 30. Rxe7 Bxe7 31. Rc6 a5 32. Kf1 1-0


[Site "https://www.chess.com"]

[Event "Titled Tuesday Blitz May 4 2021"]
[White "Dobrov, Vladimir"]
[Black "Lagunow, Raphael"]
[WhiteFideId "4136594"]
[BlackFideId "24652644"]
[WhiteElo "2614"]
[BlackElo "2400"]
[Result "1-0"]
[Round "01"]
[TimeControl "180+1"]
[Date "2021.05.04"]
[WhiteClock "0:00:13"]
[BlackClock "0:00:08"]

1. d4 d5 2. c4 e6 3. Nc3 c6 4. e3 Nf6 5. Nf3 Nbd7 6. Bd3 dxc4 7. Bxc4 b5 8. Bd3 a6 9. O-O Bd6 10. e4 e5 11. Ne2 O-O 12. Bg5 h6 13. Bh4 Re8 14. Ng3 g5 15. Nf5 Bf8 16. Bg3 exd4 17. N3xd4 c5 18. Nf3 c4 19. Bc2 Nc5 20. Nd6 Bxd6 21. Bxd6 Ncxe4 22. Bb4 Qxd1 23. Raxd1 Bg4 24. Rd4 Rad8 25. Rfd1 Rxd4 26. Rxd4 a5 27. Bxa5 Nc5 28. h3 Bxf3 29. gxf3 Ne6 30. Rd6 Nh5 31. Bc3 Nhf4 32. Kh2 Ne2 33. Bf6 N2f4 34. h4 gxh4 35. Bxh4 h5 36. Bf6 Ra8 37. a3 Rb8 38. Bc3 Ng6 39. Rd5 Nef4 40. Rg5 h4 41. Be4 Re8 42. Rxb5 Ne2 43. Bf6 Ngf4 44. Rg5+ Kf8 45. Rg4 Rb8 46. Rxh4 Ke8 47. Rh8+ 1-0


[Site "https://www.chess.com"]

[Event "Titled Tuesday Blitz May 4 2021"]
[White "Dogan, Mire Deniz"]
[Black "Villegas, Pierre"]
[WhiteFideId "6317456"]
[BlackFideId "654183"]
[WhiteElo "1850"]
[BlackElo "2411"]
[Result "1-0"]
[Round "01"]
[TimeControl "180+1"]
[Date "2021.05.04"]
[WhiteClock "0:00:17"]
[BlackClock "0:00:03"]

1. d4 d5 2. c4 e6 3. Nc3 a6 4. a4 Bb4 5. Nf3 Nf6 6. Bg5 h6 7. Bxf6 Qxf6 8. cxd5 exd5 9. e3 O-O 10. Qb3 Nc6 11. Be2 Be6 12. O-O Qd8 13. Na2 Bd6 14. Rac1 Qd7 15. Bd3 f5 16. Bb1 f4 17. Ne5 Nxe5 18. dxe5 Bxe5 19. exf4 Bxf4 20. Rcd1 c6 21. g3 Bd6 22. f4 Bf5 23. Bxf5 Rxf5 24. Nb4 Re8 25. Nd3 Rf7 26. Rf2 Rfe7 27. Rdd2 Re3 28. Kg2 Qf5 29. Qxb7 Rxd3 30. Qxc6 Qe4+ 31. Kh3 Rxd2 32. Rxd2 Qe6+ 33. Kg2 Bf8 34. Qxd5 Qxd5+ 35. Rxd5 Re2+ 36. Kf3 Rxb2 37. Ra5 Rxh2 38. Rxa6 Ra2 39. Ra8 Kf7 40. a5 Ra3+ 41. Kg4 Be7 42. a6 g6 43. Kh3 h5 44. Kg2 Bd6 45. Kf2 h4 46. gxh4 Bxf4 47. Kg2 Bg3 48. Kh3 Bc7+ 49. Kg4 Kg7 50. Ra7 Rc3 51. Rb7 Rc4+ 52. Kf3 Kf6 53. a7 Ra4 54. Rxc7 Ra3+ 55. Ke4 Ra4+ 56. Kd5 Ra1 57. Kc6 Ra2 58. Kb7 Rb2+ 59. Kc8 Ra2 60. Kb8 Kf5 61. a8=Q Rxa8+ 62. Kxa8 Kg4 63. Rc4+ Kh5 64. Kb7 1-0


[Site "https://www.chess.com"]

[Event "Titled Tuesday Blitz May 4 2021"]
[White "Domingo Nunez, Alejandro"]
[Black "Sailer, Mike"]
[WhiteFideId "22245561"]
[BlackFideId "2012901"]
[WhiteElo "2269"]
[BlackElo "2109"]
[Result "1-0"]
[Round "01"]
[TimeControl "180+1"]
[Date "2021.05.04"]
[WhiteClock "0:00:50"]
[BlackClock "0:01:05"]

1. e4 d5 2. exd5 Qxd5 3. Nc3 Qd6 4. d4 Nf6 5. Nf3 c6 6. h3 Bf5 7. Bc4 e6 8. Be3 Be7 9. Qe2 Nbd7 10. O-O-O h6 11. g4 Bh7 12. Rhg1 O-O-O 13. h4 Nd5 14. Nxd5 cxd5 15. Bd3 Bxd3 16. Rxd3 Kb8 17. Rb3 Nb6 18. Ne5 Bxh4 19. Nxf7 Qd7 20. Nxh8 Rxh8 21. Bf4+ Ka8 22. Re1 Re8 23. Qf3 Bf6 24. Rxb6 e5 25. dxe5 axb6 26. Qa3+ Kb8 27. e6+ 1-0


[Site "https://www.chess.com"]

[Event "Titled Tuesday Blitz May 4 2021"]
[White "Donatti, Alvaro"]
[Black "Mustafayev, Farid"]
[WhiteFideId "3000303"]
[BlackFideId "13408771"]
[WhiteElo "2138"]
[BlackElo "2097"]
[Result "0-1"]
[Round "01"]
[TimeControl "180+1"]
[Date "2021.05.04"]
[WhiteClock "0:00:42"]
[BlackClock "0:01:09"]

1. e4 c6 2. d4 d5 3. exd5 cxd5 4. c4 Nf6 5. Nc3 Nc6 6. Bg5 Ne4 7. Nxe4 dxe4 8. Be3 e6 9. Ne2 Bb4+ 10. Nc3 O-O 11. Be2 f5 12. d5 Ne5 13. O-O Bxc3 14. bxc3 f4 15. Bd4 Ng6 16. Bg4 exd5 17. cxd5 Qxd5 18. Bxc8 Raxc8 19. Bxa7 Qg5 20. Qb3+ Kh8 21. Qxb7 Nh4 22. Qxe4 Rc4 23. Qb7 Rc7 24. Qe4 Rxa7 25. g3 Ng6 26. h4 Nxh4 27. Kh2 Ng6 28. Rad1 Re7 29. Qb4 fxg3+ 30. fxg3 Re2+ 31. Kh1 Qh5+ 0-1


[Site "https://www.chess.com"]

[Event "Titled Tuesday Blitz May 4 2021"]
[White "Dong, Bao Nghia"]
[Black "Saucey, Michel"]
[WhiteFideId "12400343"]
[BlackFideId "601845"]
[WhiteElo "2409"]
[BlackElo "2253"]
[Result "1-0"]
[Round "01"]
[TimeControl "180+1"]
[Date "2021.05.04"]
[WhiteClock "0:00:34"]
[BlackClock "0:00:01"]

1. d4 d5 2. c4 Nf6 3. Nc3 e6 4. Nf3 dxc4 5. Bg5 Bb4 6. e3 b5 7. Be2 c6 8. O-O h6 9. Bh4 Nbd7 10. a4 a6 11. axb5 Bxc3 12. bxc3 cxb5 13. Qc2 Bb7 14. Ne5 Qc7 15. f4 Nd5 16. Rf3 Nxe5 17. fxe5 g5 18. Bf2 Ne7 19. Rh3 O-O-O 20. Bf3 g4 21. Bxg4 Rdg8 22. Bf3 Bxf3 23. Rxf3 Qb7 24. Bg3 Nf5 25. e4 Nxg3 26. hxg3 Rg4 27. Qf2 Rf8 28. Rf4 Rg5 29. Qa2 b4 30. Qxc4+ Kb8 31. Qxb4 Qxb4 32. cxb4 Kb7 33. Raf1 Rg7 34. d5 exd5 35. exd5 Kc7 36. e6 f5 37. Rxf5 Rd8 38. Rf7+ Rxf7 39. exf7 Rf8 40. Rf6 Kd7 41. d6 Kc6 42. g4 Kd7 43. Kf1 1-0


[Site "https://www.chess.com"]

[Event "Titled Tuesday Blitz May 4 2021"]
[White "Efremov, Vladislav"]
[Black "zmeeed67"]
[WhiteFideId "44159935"]
[WhiteElo "2022"]
[BlackElo "2566"]
[Result "0-1"]
[Round "01"]
[TimeControl "180+1"]
[Date "2021.05.04"]
[WhiteClock "0:00:43"]
[BlackClock "0:01:43"]

1. d4 d5 2. c4 e6 3. Nf3 Nf6 4. Nc3 c6 5. cxd5 exd5 6. Bg5 h6 7. Bh4 Bf5 8. e3 Be7 9. Bd3 Bxd3 10. Qxd3 O-O 11. Bg3 Nbd7 12. O-O Re8 13. Ne5 Nxe5 14. Bxe5 Bd6 15. f4 Bf8 16. Bxf6 Qxf6 17. Rf3 a5 18. a4 Ra6 19. Ne2 Rb6 20. b4 Rxb4 21. Ng3 c5 22. dxc5 Qxa1+ 0-1


[Site "https://www.chess.com"]

[Event "Titled Tuesday Blitz May 4 2021"]
[White "Eggleston, Thomas A"]
[Black "Mortazavi, Ali"]
[WhiteFideId "412139"]
[BlackFideId "401323"]
[WhiteElo "2174"]
[BlackElo "2339"]
[Result "0-1"]
[Round "01"]
[TimeControl "180+1"]
[Date "2021.05.04"]
[WhiteClock "0:00:40"]
[BlackClock "0:00:22"]

1. e4 c6 2. d4 d5 3. exd5 cxd5 4. c4 Nf6 5. Nc3 g6 6. Nf3 Bg7 7. cxd5 Nxd5 8. Bb5+ Nc6 9. O-O O-O 10. h3 Bf5 11. Bxc6 bxc6 12. Nh4 Be6 13. Be3 Nxc3 14. bxc3 Bc4 15. Re1 Qa5 16. Qd2 Bd5 17. Rec1 Qa6 18. Qc2 Bc4 19. Nf3 Rab8 20. Ne5 Bxe5 21. dxe5 Rfd8 22. f3 Qa5 23. Qf2 a6 24. Bc5 Rd7 25. Rd1 Rbd8 26. Rxd7 Rxd7 27. Bb4 Qxe5 28. Re1 Qf6 29. Qc5 Be6 30. Qxc6 Qg5 31. c4 Bxh3 32. f4 Qg3 33. Bc3 Qxc3 34. gxh3 Qxe1+ 35. Kg2 Rd2+ 0-1


[Site "https://www.chess.com"]

[Event "Titled Tuesday Blitz May 4 2021"]
[White "Elgersma, Onno"]
[Black "de Leon, Patricia"]
[WhiteFideId "1053531"]
[BlackFideId "3000273"]
[WhiteElo "2477"]
[BlackElo "1989"]
[Result "1-0"]
[Round "01"]
[TimeControl "180+1"]
[Date "2021.05.04"]
[WhiteClock "0:01:01"]
[BlackClock "0:00:03"]

1. e4 e6 2. Nf3 d5 3. Nc3 c5 4. Qe2 Nf6 5. exd5 Nxd5 6. g3 Be7 7. Bg2 O-O 8. O-O Nc6 9. Ne4 Nf6 10. d3 Nd4 11. Nxd4 cxd4 12. a4 Rb8 13. Nd2 Nd5 14. Nc4 b6 15. Qe5 Bb7 16. Qxd4 Bf6 17. Qg4 Nb4 18. Bf4 Bxg2 19. Kxg2 Qd5+ 20. Qf3 Rbd8 21. Rac1 Qxf3+ 22. Kxf3 1-0


[Site "https://www.chess.com"]

[Event "Titled Tuesday Blitz May 4 2021"]
[White "Elissalt Cardenas, Hector"]
[Black "Song, Michael"]
[WhiteFideId "3500632"]
[BlackFideId "2613190"]
[WhiteElo "2216"]
[BlackElo "2274"]
[Result "0-1"]
[Round "01"]
[TimeControl "180+1"]
[Date "2021.05.04"]
[WhiteClock "0:00:11"]
[BlackClock "0:00:59"]

1. d4 Nf6 2. c4 c5 3. d5 e6 4. Nc3 exd5 5. cxd5 d6 6. Nf3 g6 7. Bf4 a6 8. a4 Bg7 9. e3 O-O 10. h3 Re8 11. Nd2 Nbd7 12. Be2 Ne5 13. O-O Nfd7 14. e4 Qc7 15. Qc2 Rb8 16. Bh2 g5 17. Nd1 Nf8 18. Ne3 Nfg6 19. Bg4 Nxg4 20. hxg4 Be5 21. Bxe5 Nxe5 22. f3 b5 23. axb5 axb5 24. g3 c4 25. Kg2 Qc5 26. Nf5 Bxf5 27. gxf5 Nd3 28. Ra6 Nb4 0-1


[Site "https://www.chess.com"]

[Event "Titled Tuesday Blitz May 4 2021"]
[White "Escobar Forero, Alder"]
[Black "Necula, Iulian"]
[WhiteFideId "4400801"]
[BlackFideId "1232380"]
[WhiteElo "2513"]
[BlackElo "1776"]
[Result "1-0"]
[Round "01"]
[TimeControl "180+1"]
[Date "2021.05.04"]
[WhiteClock "0:00:59"]
[BlackClock "0:01:57"]

1. d4 d6 2. e4 Nf6 3. Nc3 Nbd7 4. Nf3 e5 5. Bc4 Be7 6. O-O c6 7. a4 a5 8. Re1 h6 9. b3 Qc7 10. Ba3 Nf8 11. Qd2 Ng6 12. h3 O-O 13. Rad1 Nf4 14. dxe5 dxe5 15. Bxe7 Qxe7 16. Qd6 Qxd6 17. Rxd6 Re8 18. Red1 Be6 19. Nxe5 Bxc4 20. Nxc4 Nxe4 21. Nxe4 Rxe4 22. Kf1 Rae8 23. Nxa5 Nd5 24. Nxb7 Nc3 25. Rc1 Ne2 26. Ra1 Nd4 27. f3 Re2 28. Rxd4 Rxc2 29. Rd8 Rxd8 30. Nxd8 Rb2 31. a5 Rxb3 32. Nxc6 Rc3 33. Ne7+ Kf8 34. a6 Kxe7 35. a7 1-0


[Site "https://www.chess.com"]

[Event "Titled Tuesday Blitz May 4 2021"]
[White "Espinosa Veloz, Ermes"]
[Black "Toncheva, Nadya"]
[WhiteFideId "3507424"]
[BlackFideId "2924056"]
[WhiteElo "2333"]
[BlackElo "1920"]
[Result "1-0"]
[Round "01"]
[TimeControl "180+1"]
[Date "2021.05.04"]
[WhiteClock "0:02:09"]
[BlackClock "0:00:30"]

1. e4 c5 2. Nf3 Nc6 3. Bb5 e6 4. O-O Nge7 5. Re1 a6 6. Bxc6 Nxc6 7. Nc3 Be7 8. Nd5 exd5 9. exd5 O-O 10. dxc6 bxc6 11. d3 Bf6 12. Rb1 Rb8 13. b3 d5 14. Be3 Bg4 15. Bxc5 Re8 16. Rxe8+ Qxe8 17. h3 Bh5 18. g4 Bg6 19. Qe1 Qd7 20. Bd4 Re8 21. Qd2 h5 22. Bxf6 hxg4 23. Ne5 Qf5 24. Nxg4 gxf6 25. Nh6+ 1-0


[Site "https://www.chess.com"]